 Dungeon Crawl Stone Soup version 0.32-a0-431-ge345137 (webtiles) character file.

Game seed: 14551779888591268454

132899 yapang the Fencer (level 16, -6/129 HPs)
             Began as a Grey Draconian Ice Elementalist on Feb 22, 2024.
             Was the Champion of Makhleb.
             Mangled by a +1 mace of protection (11 damage)
             ... on level 2 of the Elven Halls.
             The game lasted 01:19:14 (28575 turns).

yapang the Fencer (DrIE)                           Turns: 28575, Time: 01:19:14

Health: -6/129     AC: 19    Str: 14    XL:     16   Next: 58%
Magic:  11/28      EV: 24    Int: 20    God:    Makhleb [******]
Gold:   2229       SH: 11    Dex: 21    Spells: 6/31 levels left

rFire   + . .        Z - +8 scimitar (elec)
rCold   + . .        X - +0 buckler {rF+}
rNeg    + + .        (body armour unavailable)
rPois   +            H - +2 hat
rElec   .            l - +0 cloak
rCorr   .            A - +1 pair of gloves of the True Pharaoh {rN++ Str+3}
SInv    .            (no boots)
Will    +....        q - amulet of the Intense Plum {Reflect ^Contam rPois rC+ SH+5}
Stlth   ++++         W - +6 ring of dexterity
HPRegen 0.41/turn    j - +5 ring of evasion
MPRegen 0.21/turn

%: reflection
@: no status effects
A: AC +14, amphibious, unfitting armour, cold-blooded
a: Renounce Religion, Minor Destruction, Lesser Servant of Makhleb, Major
Destruction, Greater Servant of Makhleb


You were on level 2 of the Elven Halls.
You worshipped Makhleb.
Makhleb was exalted by your worship.
You visited 5 branches of the dungeon, and saw 25 of its levels.
You also visited: Gauntlet.

You collected 2686 gold pieces.
You spent 457 gold pieces at shops.

Inventory:

Hand Weapons
 Z - a +8 scimitar of electrocution (weapon)
Missiles
 B - 2 throwing nets
Armour
 l - a +0 cloak (worn)
 w - a +0 pair of gloves
 A - the +1 pair of gloves of the True Pharaoh (worn) {rN++ Str+3}
   (You found it on level 15 of the Dungeon)

   Str+3:     It affects your strength (+3).
   rN++:      It greatly protects you from negative energy.
 H - a +2 hat (worn)
 L - a +2 tower shield of protection
 M - the +1 kite shield "Gypu" {rElec Will+ Int+3 Dex-4}
   (You bought it in a shop on level 2 of the Orcish Mines)

   Int+3:     It affects your intelligence (+3).
   Dex-4:     It affects your dexterity (-4).
   rElec:     It insulates you from electricity.
   Will+:     It increases your willpower.
 X - a +0 buckler of fire resistance (worn)
Jewellery
 h - a ring of protection from fire
 j - a +5 ring of evasion (right hand)
 q - the amulet of the Intense Plum (around neck) {Reflect ^Contam rPois rC+ SH+5}
   (You found it on level 3 of the Dungeon)

   [amulet of reflection]

   Reflect:   It reflects blocked missile attacks.
   rC+:       It protects you from cold.
   rPois:     It protects you from poison ^Contam: It causes magical
   contamination when unequipped.
   SH+5:      It affects your SH (+5).
 y - a ring of protection from cold
 D - a +6 ring of dexterity
 E - the ring "Keiriza" {rC+ Str+4}
   (You found it in a Gauntlet)

   [ring of protection from cold]

   Str+4:     It affects your strength (+4).
   rC+:       It protects you from cold.
 U - a ring of poison resistance
 W - a +6 ring of dexterity (left hand)
Wands
 r - a wand of flame (24)
 F - a wand of paralysis (16)
 J - a wand of iceblast (25)
 N - a wand of mindburst (11)
Scrolls
 e - 2 scrolls of revelation
 f - 9 scrolls of identify
 g - 3 scrolls of fear
 i - a scroll of torment
 k - 2 scrolls of poison
 m - 8 scrolls of teleportation
 s - 4 scrolls of vulnerability
 u - 2 scrolls of immolation
 G - 6 scrolls of amnesia
 P - 7 scrolls of noise
 S - a scroll of summoning
 V - 2 scrolls of fog
 Y - 2 scrolls of silence
Potions
 a - 2 potions of magic
 b - 2 potions of lignification
 c - a potion of invisibility {unknown}
 d - 8 potions of brilliance
 n - 3 potions of haste
 o - 3 potions of heal wounds
 p - 9 potions of mutation
 t - 2 potions of might
 v - 11 potions of curing
 z - 3 potions of ambrosia
 I - 4 potions of attraction
 Q - a potion of degeneration
 T - 2 potions of resistance
Miscellaneous
 C - a tin of tremorstones (inert)
 K - a lightning rod (4/4)


   Skills:
 + Level 8.3 Fighting
 - Level 15.0 Long Blades
 - Level 10.0 Dodging
 - Level 6.0 Stealth
 - Level 4.0 Shields
 - Level 8.0 Spellcasting
 + Level 6.9 Hexes
 - Level 4.0 Summonings
 + Level 7.4 Translocations
 - Level 4.0 Fire Magic
 - Level 10.0 Ice Magic
 - Level 10.0 Alchemy
 + Level 10.6 Invocations
 - Level 6.0 Evocations


You had 6 spell levels left.
You knew the following spells:

 Your Spells              Type           Power      Damage    Failure   Level
a - Freeze                Ice            100%       1d10      1%          1
b - Frozen Ramparts       Ice            96%        1d15      1%          3
c - Ozocubu's Armour      Ice            48%        N/A       1%          3
d - Summon Ice Beast      Ice/Summ       36%        N/A       1%          3
e - Sticky Flame          Fire/Alch      36%        2d8       6%          4
f - Yara's Violent Unrav  Hex/Alch       20%        3d9       10%         5
g - Passage of Golubria   Tloc           37%        N/A       5%          4
h - Lesser Beckoning      Tloc           74%        N/A       1%          2

Your spell library contained the following spells:

 Spells                   Type           Power      Damage    Failure   Level
 Slow                     Hex            100%       N/A       1%          1
 Blink                    Tloc           74%        N/A       1%          2
 Ensorcelled Hibernation  Hex/Ice        82%        N/A       1%          2
 Jinxbite                 Hex            70%        N/A       1%          2
 Confusing Touch          Hex            35%        N/A       1%          3
 Momentum Strike          Conj/Tloc      44%        3d9       3%          2
 Scorch                   Fire           48%        2d7       3%          2
 Inner Flame              Hex/Fire       29%        N/A       3%          3
 Volatile Blastmotes      Fire/Tloc      60%        2d15      3%          3
 Dimensional Bullseye     Hex/Tloc       18%        N/A       6%          4
 Metabolic Englaciation   Hex/Ice        20%        N/A       10%         5
 Kiss of Death            Conj/Necr      32%        2d7       11%         1
 Fulminant Prism          Conj/Alch      14%        3d8       14%         4
 Leda's Liquefaction      Alch/Erth      14%        N/A       14%         4
 Petrify                  Alch/Erth      28%        N/A       14%         4
 Iskenderun's Mystic Bla  Conj/Tloc      22%        2d6       24%         4
 Anguish                  Hex/Necr       10%        N/A       26%         4
 Passwall                 Erth           8%         N/A       32%         3
 Stone Arrow              Conj/Erth      16%        3d8       32%         3
 Swiftness                Air            8%         N/A       32%         3
 Irradiate                Conj/Alch      14%        3d16      36%         5
 Flame Wave               Conj/Fire      16%        2d7       43%         4
 Silence                  Hex/Air        10%        N/A       58%         5
 Freezing Cloud           Conj/Ice/Air   10%        6-21      63%         5
 Dispel Undead            Necr           8%         3d8       73%         4
 Summon Cactus Giant      Summ           12%        N/A       97%         6
 Enfeeble                 Hex            17%        N/A       99%         7
 Lehudib's Crystal Spear  Conj/Erth      4%         10d3      100%        8


Dungeon Overview and Level Annotations

Branches:
Dungeon (15/15)            Temple (1/1) D:6            Lair (5/5) D:11
  Swamp (0/4) Lair:3        Snake (0/4) Lair:3        Slime (0/5) Lair:4
    Orc (2/2) D:12            Elf (2/3) Orc:2        Vaults (0/5) D:13
 Depths (0/4) D:15        Gauntlet (visited)

Altars:
Ashenzari
Cheibriados
Dithmenos
Elyvilon
Fedhas
Gozag
Hepliaklqana
Kikubaaqudgha
Makhleb
Nemelex Xobeh
Okawaru
Qazlal
Ru
Sif Muna
Trog
Uskayaw
Vehumet
Wu Jian
Xom
Yredelemnul
Zin
The Shining One
Jiyva

Shops:
D:1 =   D:11 *   Orc:2 ([*:*

Portals:
Trove: D:10 (give +7 demon whip)

Annotations:
D:10 1 runed translucent door, anarkitty's ghost, novice FeCj
D:13 1 runed translucent door, korenl137's ghost, journeyman DjHW
Lair:2 2 transporters
Elf:2 3 runed translucent doors


Innate Abilities, Weirdness & Mutations

Your dull iron-grey scales are very hard. (AC +14)
You are amphibious.
You cannot fit into any form of body armour.
You are cold-blooded and may be slowed by cold attacks.


Message History

Confirm with . or Enter, or press ? or * to list all spells.
Okay, then.
The deep elf zephyrmancer mumbles some strange words.
The deep elf zephyrmancer blinks!
The deep elf pyromancer points at you and mumbles some strange words.
You block the pyre arrow... and reflect it back!
The pyre arrow hits the deep elf pyromancer.
The deep elf zephyrmancer hits you with a +0 rapier.
* * * LOW HITPOINT WARNING * * *
The deep elf pyromancer gestures wildly while chanting.
The deep elf pyromancer blinks!
The +1 mace of protection hits you but does no damage.
Casting: Yara's Violent Unravelling (dangerous; 10% risk of failure)
Confirm with . or Enter, or press ? or * to list all spells.
You don't know that spell.
Found a stone staircase leading up.
The +2 hand axe of electrocution is engulfed in blazing flames.
The deep elf zephyrmancer attacks as it pursues you!
You block the deep elf zephyrmancer's attack.
The +1 mace of protection hits you!
* * * LOW HITPOINT WARNING * * *
Casting: Yara's Violent Unravelling (dangerous; 10% risk of failure)
Confirm with . or Enter, or press ? or * to list all spells.
Aiming: Yara's Violent Unravelling (dangerous; 10% risk of failure)
Press: ? - help, Dir - move target, f - fire elemental
Aim: a fire elemental (summoned)
Okay, then.
You feel much better.
The deep elf pyromancer burns!
The deep elf pyromancer stops burning.
The deep elf pyromancer mumbles some strange words.
The deep elf zephyrmancer completely misses you.
The +1 mace of protection completely misses you.
You block the +2 hand axe of electrocution's attack.
The deep elf zephyrmancer casts a spell at you.
The bolt of lightning hits the +1 mace of protection.
The +1 mace of protection completely resists.
The bolt of lightning hits you!!
* * * LOW HITPOINT WARNING * * *
The +1 mace of protection hits you!
You die...

#.##..##..#######.#
#.## .
#..##..........#
#.## #
#..###.#####.###
#.#. #..# #.#
#.#.###.#. #..##..#
#......... #......#
###.#####. #.#.####
### #.
######.E#########
##
#....°○((@......# #
#.###°○e#.#####.#
#..○☼#....#
#))..e#..#.#
...)..○....#...
#..).......#....
#.)......[#####<
.#. #..........#...
#.# #.......e.?#.##
#.#


You could see a deep elf pyromancer, a deep elf zephyrmancer, a fire elemental
(summoned) and 2 dancing weapons.

Vanquished Creatures
  Jorgrun (Elf:1)
  A deep elf elementalist (Elf:2)
  Louise (Elf:1)
  Nessos (Lair:3)
  2 deep elf death magi (Elf:1)
  A deep elf annihilator (Elf:2)
  A minotaur (Gauntlet)
  Josephine (Lair:3)
  A yaktaur captain (D:13)
  A rakshasa (D:14)
  3 hydras
  An ogre mage (D:15)
  6 boulder beetles
  6 centaur warriors
  6 two-headed ogres
  12 dancing weapons
  A tengu warrior (D:14)
  A soul eater (Gauntlet)
  5 skeletal warriors
  13 deep elf knights
  2 skysharks (Lair:5)
  Amaemon (Lair:3)
  Pikel (D:7)
  4 deep elf archers
  15 deep elf pyromancers
  3 orc knights
  A necromancer (D:15)
  12 ugly things
  8 deep elf zephyrmancers
  4 orc sorcerers
  6 cyclopes
  A manticore (D:8)
  5 elephants (Lair:2)
  A guardian serpent (shapeshifter) (D:13)
  A moth of wrath (Gauntlet)
  A meliai (shapeshifter) (D:13)
  4 black mambas
  9 cane toads
  2 gargoyles (D:12)
  2 rime drakes
  A large abomination (D:10)
  2 kobold demonologists (D:12)
  2 yaktaurs (D:13)
  10 komodo dragons
  Psyche (D:8)
  8 trolls
  9 polar bears
  A harpy zombie (D:10)
  2 hornets (Lair:5)
  10 blink frogs
  A dream sheep (Lair:5)
  2 meliai zombies (D:10)
  An air elemental (Elf:1)
  2 centaur simulacra (D:15)
  4 slime creatures (D:13)
  11 spriggans (Lair:5)
  A vampire (D:10)
  A basilisk (Lair:1)
  4 wraiths
  6 wyverns
  7 shadows
  42 yaks
  A fire elemental (Elf:1)
  2 wargs
  2 redbacks (Gauntlet)
  4 vampire mosquitoes (D:13)
  3 steam dragons
  A two-headed ogre zombie (D:10)
  22 water moccasins
  An acid dragon (D:10)
  35 orc warriors
  2 laughing skulls
  A sky beast (D:6)
  2 ice beasts (D:7)
  4 black bears
  4 ogres
  16 centaurs
  18 wolves
  5 boggarts (Lair:5)
  2 lemures (D:7)
  Blork the orc (D:4)
  15 bullfrogs
  2 kobold brigands
  5 scorpions
  4 spriggan zombies (D:10)
  24 killer bees
  A bombardier beetle (D:3)
  4 electric eels
  A wolf zombie (D:10)
  A howler monkey (D:6)
  A centaur zombie (D:10)
  5 jellies
  A hound (D:6)
  21 orc priests
  A sleepcap (D:4)
  Terence (D:3)
  12 hell rats
  2 iguanas (D:6)
  40 orc wizards
  2 killer bee zombies (D:10)
  7 gnolls
  7 adders
  3 shadow imps (Gauntlet)
  6 ufetubi
  2 ribbon worms (D:4)
  2 dart slugs
  81 orcs
  3 ball pythons (D:1)
  4 bats
  5 endoplasms
  2 giant cockroaches
  7 goblins
  9 hobgoblins
  13 kobolds
  5 quokkas
  3 frilled lizards
  5 rats
709 creatures vanquished.

Vanquished Creatures (collateral kills)
  Gastronok (D:8)
  Roxanne (D:15)
  An orc warlord (Orc:2)
  A deep elf annihilator (Elf:1)
  A hydra (Lair:3)
  A sphinx zombie (D:15)
  A dancing weapon (Elf:1)
  2 two-headed ogres
  3 orc high priests (Orc:2)
  Sonja (Lair:3)
  A deep elf knight (Elf:2)
  3 skeletal warriors (D:11)
  A spark wasp zombie (D:15)
  A flayed ghost (D:15)
  3 deep elf archers (Elf:1)
  A bog body (Lair:3)
  2 deep elf zephyrmancers (Elf:1)
  4 deep elf pyromancers
  2 orc knights (Orc:2)
  2 orc sorcerers (Orc:2)
  A manticore (D:13)
  An elephant (Lair:2)
  An orange demon (Lair:3)
  2 cane toads
  2 polar bears (Lair:5)
  A hornet (Lair:5)
  A dream sheep (Lair:5)
  A blink frog (Lair:2)
  2 wraiths
  A spriggan (Lair:5)
  3 water moccasins
  6 orc warriors (Orc:2)
  A black bear (Lair:1)
  An ice beast (D:6)
  4 wolves (Lair:5)
  A lemure (D:7)
  A bullfrog (Lair:3)
  A wolf zombie (D:10)
  3 orc priests (Orc:2)
  3 orc wizards
  2 hell rats (Lair:3)
  5 orcs
  A hobgoblin (D:7)
78 creatures vanquished.

Vanquished Creatures (others)
  A centaur warrior (D:8)
  A wyvern (D:11)
  An orc wizard (Orc:2)
3 creatures vanquished.

Grand Total: 790 creatures vanquished

Notes
Turn   | Place    | Note
-------+----------+-------------------------------------------
     0 | D:1      | yapang the Draconian Ice Elementalist began the quest for
                  | the Orb.
     0 | D:1      | Reached XP level 1. HP: 14/14 MP: 3/3
   123 | D:1      | Reached XP level 2. HP: 17/20 MP: 3/5
   955 | D:1      | Found Teron's Jewellery Boutique.
  1213 | D:2      | Reached XP level 3. HP: 26/26 MP: 3/7
  1630 | D:3      | Noticed Terence
  1665 | D:2      | Learned a level 3 spell: Frozen Ramparts
  1669 | D:2      | Learned a level 3 spell: Ozocubu's Armour
  1696 | D:3      | You fall into a shaft and drop 3 floors!
  1705 | D:5      | Entered Level 5 of the Dungeon
  1735 | D:5      | Noticed a black bear
  1743 | D:5      | Killed a black bear
  1744 | D:5      | Reached skill level 5 in Ice Magic
  1744 | D:5      | Reached XP level 4. HP: 24/33 MP: 1/8
  1824 | D:5      | Found a sparkling altar of Nemelex Xobeh.
  1899 | D:5      | Reached XP level 5. HP: 34/38 MP: 5/9
  2074 | D:5      | Noticed a centaur
  2082 | D:5      | Killed a centaur
  2101 | D:5      | Noticed a black bear
  2233 | D:5      | Killed a black bear
  2234 | D:5      | Reached XP level 6. HP: 45/45 MP: 4/10
  2478 | D:4      | Learned a level 3 spell: Summon Ice Beast
  2699 | D:4      | Reached skill level 1 in Summonings
  2978 | D:3      | Your scales start taking on a dull iron-grey colour.
  2978 | D:3      | Reached XP level 7. HP: 50/50 MP: 1/11
  3058 | D:3      | Identified the amulet of the Intense Plum {Reflect ^Contam
                  | rPois rC+ SH+5}
  3181 | D:3      | Killed Terence
  3758 | D:4      | Noticed Blork the orc
  3769 | D:4      | Killed Blork the orc
  4603 | D:5      | Found a sacrificial altar of Ru.
  4603 | D:5      | Found an opulent altar of Gozag.
  4767 | D:5      | Became a worshipper of Ru the Awakened
  4813 | D:6      | Reached XP level 8. HP: 58/58 MP: 7/14
  4858 | D:6      | Reached skill level 1 in Fighting
  4858 | D:6      | Reached skill level 1 in Evocations
  4932 | D:6      | Found a staircase to the Ecumenical Temple.
  5024 | Temple   | Entered the Ecumenical Temple
  5030 | Temple   | Fell from the grace of Ru
  5030 | Temple   | Became a worshipper of Makhleb the Destroyer
  5976 | D:7      | Reached * piety under Makhleb
  6051 | D:7      | Reached XP level 9. HP: 59/71 MP: 10/15
  6220 | D:7      | Noticed Pikel
  6233 | D:7      | Killed Pikel
  6598 | D:7      | Reached skill level 5 in Fighting
  6598 | D:7      | Reached skill level 5 in Stealth
  6698 | D:7      | Noticed a two-headed ogre
  6705 | D:7      | Killed a two-headed ogre
  6706 | D:7      | Reached skill level 5 in Dodging
  6991 | D:8      | Reached XP level 10. HP: 83/83 MP: 5/16
  7090 | D:8      | Reached skill level 10 in Ice Magic
  7092 | D:8      | Reached skill level 1 in Long Blades
  7138 | D:8      | Reached skill level 2 in Long Blades
  7233 | D:8      | Reached ** piety under Makhleb
  7348 | D:8      | Reached skill level 3 in Long Blades
  7483 | D:8      | Noticed Psyche
  7489 | D:8      | Killed Psyche
  7490 | D:8      | Reached skill level 4 in Long Blades
  7571 | D:8      | Noticed Gastronok
  7594 | D:8      | Killed Gastronok
  7595 | D:8      | Reached skill level 6 in Long Blades
  7780 | D:8      | Found a shadowy altar of Dithmenos.
  7801 | D:8      | Found a broken altar of Ashenzari.
  8073 | D:8      | Noticed a manticore
  8078 | D:8      | Killed a manticore
  8079 | D:8      | Reached skill level 7 in Long Blades
  8139 | D:8      | Noticed a centaur warrior
  8140 | D:8      | Noticed a centaur warrior
  8146 | D:8      | Killed a centaur warrior
  8157 | D:8      | Killed a centaur warrior
  8158 | D:8      | Reached skill level 8 in Long Blades
  8158 | D:8      | Reached XP level 11. HP: 18/89 MP: 3/17
  8422 | D:9      | Learned a level 4 spell: Sticky Flame
  8977 | D:9      | Identified the +8 spear "Duown" {freeze, rPois rCorr Int-3
                  | Dex+5}
  8996 | D:9      | Noticed a two-headed ogre
  9011 | D:9      | Killed a two-headed ogre
  9012 | D:9      | Reached skill level 9 in Long Blades
  9012 | D:9      | Reached skill level 1 in Fire Magic
  9012 | D:9      | Reached skill level 1 in Alchemy
  9156 | D:10     | Entered Level 10 of the Dungeon
  9342 | D:10     | Found a portal to a secret trove of treasure.
  9657 | D:10     | Reached *** piety under Makhleb
  9841 | D:10     | Found a stormy altar of Qazlal.
  9848 | D:10     | Found an ancient bone altar of Kikubaaqudgha.
  9862 | D:10     | Found the +7 Spriggan's Knife {stab, EV+4 Stlth+}
 10267 | D:10     | Reached skill level 5 in Spellcasting
 10462 | D:10     | Noticed a two-headed ogre
 10477 | D:10     | Killed a two-headed ogre
 10587 | D:10     | Found a runed translucent door.
 10711 | D:10     | Noticed anarkitty's ghost (novice FeCj)
 10958 | D:11     | Reached skill level 10 in Long Blades
 11126 | D:11     | Found a staircase to the Lair.
 11184 | D:11     | Noticed a skeletal warrior
 11241 | Lair:1   | Entered Level 1 of the Lair of Beasts
 11391 | Lair:1   | Reached XP level 12. HP: 96/96 MP: 9/21
 11588 | Lair:1   | Reached skill level 1 in Invocations
 11766 | Lair:1   | Reached **** piety under Makhleb
 11920 | Lair:1   | Reached skill level 11 in Long Blades
 12400 | Lair:2   | Found a transporter.
 12400 | Lair:2   | Found a transporter.
 12400 | Lair:2   | Noticed a boulder beetle
 12452 | Lair:2   | Reached skill level 5 in Invocations
 13010 | Lair:3   | Reached skill level 12 in Long Blades
 13021 | Lair:3   | Noticed an eight-headed hydra
 13034 | Lair:3   | Killed an eight-headed hydra
 13049 | Lair:3   | Noticed Josephine
 13061 | Lair:3   | Killed Josephine
 13090 | Lair:3   | Noticed Amaemon
 13103 | Lair:3   | Killed Amaemon
 13204 | Lair:3   | Found a staircase to the Swamp.
 13514 | Lair:3   | Reached XP level 13. HP: 81/102 MP: 6/22
 13639 | Lair:3   | Found a staircase to the Snake Pit.
 13652 | Lair:3   | Reached skill level 10 in Invocations
 14023 | Lair:3   | Noticed Nessos
 14032 | Lair:3   | Killed Nessos
 14217 | Lair:3   | Noticed Sonja
 14220 | Lair:3   | Reached skill level 5 in Alchemy
 14227 | Lair:3   | Killed Sonja
 14527 | Lair:4   | Got the Teachings on Flammable Confrontation
 14888 | Lair:4   | Reached ***** piety under Makhleb
 15217 | Lair:4   | Found a staircase to the Slime Pits.
 15220 | Lair:4   | Found a viscous altar of Jiyva.
 15785 | Lair:5   | Entered Level 5 of the Lair of Beasts
 15923 | Lair:5   | Identified the +2 rapier "Lous" {freeze, Will- rCorr SInv}
 17279 | Lair:5   | Reached skill level 13 in Long Blades
 17422 | Lair:5   | Reached XP level 14. HP: 110/110 MP: 18/23
 18323 | D:11     | Reached skill level 1 in Shields
 18473 | D:11     | Reached skill level 5 in Evocations
 18770 | D:11     | Found Wudol's Serpentskin Sales.
 18856 | D:11     | Learned a level 5 spell: Yara's Violent Unravelling
 18861 | D:11     | Learned a level 4 spell: Passage of Golubria
 19182 | D:12     | Reached skill level 1 in Translocations
 19350 | D:12     | Found a staircase to the Orcish Mines.
 19466 | D:12     | Reached skill level 1 in Hexes
 19646 | D:12     | Reached ****** piety under Makhleb
 20521 | D:13     | Found a gate to the Vaults.
 20610 | D:13     | Learned a level 2 spell: Lesser Beckoning
 20763 | D:13     | Found a runed translucent door.
 20764 | D:13     | Identified the +0 spear "Dofemy" {speed, Str+3 Dex+2 SInv}
 20765 | D:13     | Noticed korenl137's ghost (journeyman DjHW)
 21850 | D:14     | Reached XP level 15. HP: 101/115 MP: 17/25
 22074 | D:15     | Entered Level 15 of the Dungeon
 22093 | D:15     | Identified the +1 pair of gloves of the True Pharaoh {rN++
                  | Str+3}
 22169 | D:15     | Found a staircase to the Depths.
 22346 | D:15     | Found a gate leading to a gauntlet.
 22368 | Gauntlet | Entered a Gauntlet
 22368 | Gauntlet | Found a transporter.
 22368 | Gauntlet | Found a transporter.
 22368 | Gauntlet | Found a transporter.
 22369 | Gauntlet | Found a transporter.
 22370 | Gauntlet | Found a transporter.
 22373 | Gauntlet | Found a transporter.
 22379 | Gauntlet | Found a transporter.
 22381 | Gauntlet | Found a transporter.
 22382 | Gauntlet | Found a transporter.
 22384 | Gauntlet | Found a large runed translucent door.
 22384 | Gauntlet | Found a transporter.
 22385 | Gauntlet | Found a large runed translucent door.
 22386 | Gauntlet | Found a large runed translucent door.
 22386 | Gauntlet | Found a large runed translucent door.
 22386 | Gauntlet | Found a runed translucent door.
 22387 | Gauntlet | Found a large runed translucent door.
 22388 | Gauntlet | Found a runed translucent door.
 22388 | Gauntlet | Found a large runed translucent door.
 22388 | Gauntlet | Found a runed translucent door.
 22389 | Gauntlet | Found a large runed translucent door.
 22389 | Gauntlet | Found a large runed translucent door.
 22390 | Gauntlet | Found a runed translucent gate.
 22390 | Gauntlet | Found a runed translucent gate.
 22392 | Gauntlet | Found a transporter.
 22392 | Gauntlet | Found a transporter.
 22402 | Gauntlet | Found a runed translucent gate.
 22403 | Gauntlet | Found a large runed translucent door.
 22403 | Gauntlet | Found a large runed translucent door.
 22404 | Gauntlet | Found a large runed translucent door.
 22405 | Gauntlet | Found a large runed translucent door.
 22414 | Gauntlet | Found a large runed translucent door.
 22414 | Gauntlet | Found a large runed translucent door.
 22414 | Gauntlet | Found a runed translucent door.
 22415 | Gauntlet | Found a large runed translucent door.
 22416 | Gauntlet | Found a large runed translucent door.
 22620 | Gauntlet | Identified the ring "Keiriza" {rC+ Str+4}
 22835 | Gauntlet | Identified the +0 robe of Mordant Brilliance {Will- rCorr
                  | Int+2}
 22840 | Gauntlet | Identified the +2 chain mail "Hesoanom" {Harm Will+ Int+2}
 22841 | Gauntlet | Got the Parchment of Twinkling Ice
 22966 | D:15     | Reached skill level 14 in Long Blades
 23071 | D:15     | Noticed Roxanne
 23346 | D:15     | Identified the +3 mace of the Bedazzling Gods {holy, rCorr
                  | Str-2 Int+3}
 23938 | D:15     | Killed Roxanne
 24169 | Orc:1    | Entered Level 1 of the Orcish Mines
 24740 | Orc:2    | Entered Level 2 of the Orcish Mines
 24984 | Orc:2    | Reached skill level 5 in Translocations
 25101 | Orc:2    | Found Sussamia's General Store.
 25102 | Orc:2    | Found Cyucuofa's Book Boutique.
 25104 | Orc:2    | Found Cuulyfud's Antique Armour Shop.
 25104 | Orc:2    | Found Hash's Antique Weapon Shop.
 25302 | Orc:2    | Found Kyceulis's Assorted Antiques.
 25379 | Orc:2    | Bought a scroll labelled MIT LESEQILORPH for 30 gold pieces
 25379 | Orc:2    | Bought a scroll labelled WUXIECLEDOE for 30 gold pieces
 25379 | Orc:2    | Bought a fuming yellow potion for 27 gold pieces
 25379 | Orc:2    | Bought a scroll labelled DOSKOIHERCH for 30 gold pieces
 25379 | Orc:2    | Bought a brown potion for 27 gold pieces
 25384 | Orc:2    | Found a staircase to the Elven Halls.
 25722 | Orc:2    | Bought a warped kite shield for 313 gold pieces
 25722 | Orc:2    | Identified the +1 kite shield "Gypu" {rElec Will+ Int+3
                  | Dex-4} (You bought it in a shop on level 2 of the Orcish
                  | Mines)
 25818 | Elf:1    | Entered Level 1 of the Elven Halls
 25869 | Elf:1    | Reached skill level 5 in Hexes
 25869 | Elf:1    | HP: 4/115 [deep elf knight/shard of ice (27)]
 26764 | Elf:1    | Noticed Louise
 26774 | Elf:1    | Killed Louise
 26775 | Elf:1    | Reached skill level 10 in Dodging
 26775 | Elf:1    | Reached XP level 16. HP: 121/124 MP: 17/28
 26783 | Elf:1    | Reached skill level 10 in Alchemy
 26804 | Elf:1    | Paralysed by an air elemental for 1 turns
 26812 | Elf:1    | Noticed Jorgrun
 26852 | Elf:1    | Killed Jorgrun
 27338 | Elf:1    | Got the Vellum of Forces
 27820 | Elf:2    | Found a runed translucent gate.
 27820 | Elf:2    | Found a runed translucent gate.
 27844 | Elf:2    | Found a runed translucent gate.
 28002 | Elf:2    | Reached skill level 15 in Long Blades
 28568 | Elf:2    | HP: 1/129 [deep elf zephyrmancer/bolt of lightning (20)]
 28575 | Elf:2    | HP: 5/129 [deep elf zephyrmancer/bolt of lightning (33)]
 28575 | Elf:2    | Mangled by a +1 mace of protection

Illustrated notes

Levels and vault maps discovered:
D:1:      matt_arrival_debris, layout_basic, serial_shops,
          nicolae_lakefront_shop
D:2:      layout_basic
D:3:      layout_basic, uniq_terence
D:4:      layout_rooms, nicolae_zig_zag_zippers, uniq_blork_the_orc
D:5:      layout_basic, amethyst_overflow_temple_binary, general_overflow_altar,
          supply_closet_lemuel
D:6:      minmay_flawed_box, layout_cave_pools, minmay_temple_entry_steel_oval,
          chequers_serial_rivers_large_a
D:7:      layout_basic, enter_bailey_4, st_stairs_14, uniq_pikel
D:8:      minmay_cornered_nines, layout_basic,
          mainiacjoe_overflow_surrounded_room, nicolae_ashenzari_skybound,
          serial_aquarium, aquarium_bridge_straight [aquarium_subvault_bridge,
          aquarium_subvault_window, aquarium_subvault_bridge,
          aquarium_subvault_wall], aquarium_bridge_straight
          [aquarium_subvault_bridge, aquarium_subvault_balcony,
          aquarium_subvault_bridge, aquarium_subvault_wall],
          aquarium_window_fake, aquarium_window_corridor_3, aquarium_window_1,
          aquarium_window_1, aquarium_view_2d, aquarium_view_2b, uniq_gastronok,
          uniq_psyche
D:9:      layout_roguey, minmay_strange_pillars
D:10:     layout_roguey, nicolae_overflow_hidden_temple,
          nicolae_trove_entry_crossroad, ebering_ghost_reflecting_pool,
          roadster_capsule_ark_zombie
D:11:     layout_cave_pools, erik_lair_dragon, roderic_lattice_a,
          guppyfry_shop_venom
D:12:     layout_roguey, david_orc_4
D:13:     layout_long_grid, david_vaults_2, ebering_ghost_funeral_grove,
          nicolae_twisting_strands
D:14:     layout_rooms, minmay_misc_feat_enclosed, small_statue_alley_a,
          minmay_fractal_squares_gapless_5
D:15:     gammafunk_depths_entry_grave, layout_loops_ring,
          gauntlet_entry_generic, hangedman_decor_growths, uniq_roxanne
Temple:   kb_temple_of_zot
Lair:1:   layout_chaotic_city, ldierk_geyser
Lair:2:   gammafunk_boulding_lane, layout_cave_shapes,
          chequers_serial_rivers_room_a, infiniplex_staircase_pool,
          serial_bayou_shore_b
Lair:3:   layout_gridlike, skrybe_swamp_entry_bodies,
          minmay_snake_entry_six_corridors, uniq_sonja, uniq_josephine,
          uniq_nessos, uniq_amaemon
Lair:4:   layout_cave_pods, nicolae_slime_entry_field_trip
Lair:5:   minmay_lair_end_enchanted_forest, layout_loops_ring,
          chequers_serial_rivers_large_b, serial_bayou_shore_a
Orc:1:    layout_diamond_mine
Orc:2:    st_orc_congregation, layout_caves, serial_shops,
          nicolae_shop_advertising_works [nicolae_subvault_shop_adworks]
Elf:1:    eino_elf_arrival_sip, layout_loops_cross, minmay_elf_annihilation,
          uniq_louise, uniq_jorgrun
Elf:2:    elven_hall_of_blades_hangedman_original
          [infiniplex_blade_entry_pillars], layout_loops_corners,
          guppyfry_library_mini

Skill      XL: |  1  2  3  4  5  6  7  8  9 10 11 12 13 14 15 16 |
---------------+-------------------------------------------------+-----
Spellcasting   | 3 4 6 8 |  8.0
Ice Magic      | 5 7 8 9 10 | 10.0
Summonings     | 1 4 |  4.0
Dodging        | 2 3 5 6 7 8 10 | 10.0
Stealth        | 2 4 5 6 |  6.0
Fighting       | 3 5 6 8 |  8.3
Evocations     | 2 4 6 |  6.0
Long Blades    | 8 10 12 13 14 15 | 15.0
Fire Magic     | 4 |  4.0
Alchemy        | 4 8 9 10 | 10.0
Invocations    | 9 10 | 10.6
Shields        | 4 |  4.0
Translocations | 3 5 7 |  7.4
Hexes          | 3 5 6 |  6.9

Action                     |  1- 3 |  4- 6 |  7- 9 | 10-12 | 13-15 | 16-18 || total
---------------------------+-------+-------+-------+-------+-------+-------++-------
  Melee: Unarmed           |    14 |    27 |    42 |       |       |       ||    83
         Tailslap          |     3 |     2 |    22 |   128 |   231 |    16 ||   402
         Dagger            |       |       |    91 |   305 |       |       ||   396
         Knife             |       |       |       |   220 |   274 |       ||   494
         Scimitar          |       |       |       |       |   799 |   107 ||   906
   Cast: Freeze            |    45 |    44 |   100 |   113 |    73 |       ||   375
         Frozen Ramparts   |     1 |     9 |    28 |    50 |    70 |       ||   158
         Summon Ice Beast  |       |       |     5 |    18 |     5 |       ||    28
         Ozocubu's Armour  |       |       |     7 |    27 |    36 |     3 ||    73
         Sticky Flame      |       |       |       |    16 |    91 |    22 ||   129
         Lesser Beckoning  |       |       |       |       |    11 |    11 ||    22
         Yara's Violent Un |       |       |       |       |     2 |    10 ||    12
 Invoke: Lesser Servant of |       |       |       |     4 |     4 |       ||     8
         Greater Servant o |       |       |       |       |     7 |     4 ||    11
         Major Destruction |       |       |       |       |     1 |       ||     1
  Evoke: Wand              |       |       |       |     5 |     7 |       ||    12
         Lightning rod     |       |       |       |       |     3 |       ||     3
         Tin of tremorston |       |       |       |       |     2 |     1 ||     3
    Use: Scroll            |       |       |       |       |    33 |     2 ||    35
         Potion            |       |       |       |       |       |     3 ||     3
   Stab: Distracted        |       |       |       |    14 |     6 |       ||    20
         Sleeping          |       |       |       |       |    13 |       ||    13
         Paralysed         |       |       |       |       |     2 |       ||     2
 Armour: Skin              |    26 |    53 |   111 |   301 |   502 |    77 ||  1070
  Dodge: Dodged            |    36 |    43 |   205 |   645 |   891 |    82 ||  1902
  Block: Other             |       |       |    51 |   134 |    74 |       ||   259
         Reflection        |       |       |       |     2 |    39 |     9 ||    50
         Buckler           |       |       |       |       |   433 |    55 ||   488

Table legend: (Time is in decaauts)
 A = Elapsed time spent in this place.
 B = Non-inter-level travel time spent in this place.
 C = Inter-level travel time spent in this place.
 D = Time resting spent in this place.
 E = Time spent auto-exploring this place.
 F = Levels seen in this place.
 G = Mean time per level.
                   A        B        C        D        E       F      G
               +--------+--------+--------+--------+--------+-----+--------+
         Total |  28123 |  27132 |    991 |   1530 |  20330 |  26 | 1081.7 |
       Dungeon |  16643 |  16036 |    607 |    428 |  12836 |  15 | 1109.5 |
        Temple |     10 |      4 |      6 |      0 |      0 |   1 |   10.0 |
          Lair |   6664 |   6391 |    273 |    173 |   4938 |   5 | 1332.8 |
  Orcish Mines |   2047 |   1979 |     68 |    447 |   1054 |   2 | 1023.5 |
   Elven Halls |   2252 |   2216 |     36 |    342 |   1312 |   2 | 1126.0 |
      Gauntlet |    504 |    504 |      0 |    140 |    190 |   1 |  504.0 |
               +--------+--------+--------+--------+--------+-----+--------+

Top non-repeatable levels by time:
  Lair:5: 2168 daAuts
    D:10: 1558 daAuts
     D:8: 1512 daAuts
   Orc:2: 1494 daAuts
  Lair:4: 1452 daAuts
   Elf:1: 1439 daAuts
    D:15: 1418 daAuts
     D:5: 1360 daAuts
  Lair:3: 1321 daAuts
    D:12: 1271 daAuts
    D:11: 1267 daAuts
    D:14: 1197 daAuts
     D:6: 1171 daAuts
  Lair:1: 1076 daAuts
     D:4: 1058 daAuts
